 Dungeon Crawl Stone Soup version 0.30-a0-1050-g2766ea1e55 (webtiles) character file.

Game seed: 12697748449859186260

472 Arcadio the Sneak (level 7, -2/58 HPs)
             Began as a Vine Stalker Delver on Apr 10, 2023.
             Succumbed to a scorpion's poison
             ... on level 4 of the Dungeon.
             The game lasted 00:13:47 (3742 turns).

Arcadio the Sneak (Vine Stalker Delver)             Turns: 3742, Time: 00:13:48

Health: -2/58      AC: 12    Str: 16    XL:     7   Next: 9%
Magic:  3/9        EV:  8    Int: 10    God:
Gold:   70         SH:  0    Dex: 16    Spells: 8/8 levels left

rFire   . . .      SeeInvis .    m - +0 flail
rCold   . . .      Faith    .    (no shield)
rNeg    . . .      Spirit   +    p - +0 chain mail
rPois   .          Reflect  .    (no helmet)
rElec   .          Rampage  .    x - +2 cloak
rCorr   .                        (no gloves)
Will    .....                    G - +0 pair of boots Stlth
                                 (no amulet)
HPRegen 1.09/turn                (no ring)
MPRegen 0.11/turn                (no ring)

@: brilliant, berserking, lethally poisoned (-2 -> -16), very quick
A: fangs 2, regeneration 1, magic shield, antimagic bite, no potion heal 2
a: no special abilities


You were on level 4 of the Dungeon.
You visited 1 branch of the dungeon, and saw 5 of its levels.

You collected 406 gold pieces.
You spent 336 gold pieces at shops.

Inventory:

Hand Weapons
 g - a +0 long sword
 m - a +0 flail (weapon)
Missiles
 C - a throwing net (quivered)
Armour
 a - a +0 leather armour
 n - a +0 ring mail
 p - a +0 chain mail (worn)
 x - a +2 cloak (worn)
 G - a +0 pair of boots (worn)
Jewellery
 B - an amulet of reflection
Wands
 f - a wand of digging (7)
 i - a wand of roots (8)
 H - a wand of charming (11)
 L - a wand of flame (14)
Scrolls
 b - a scroll of fog
 c - a scroll of magic mapping
 d - 2 scrolls of fear
 e - a scroll of noise {unknown}
 h - a scroll of torment {unknown}
 j - a scroll of amnesia {unknown}
 k - 9 scrolls of identify {unknown}
 t - a scroll of blinking {unknown}
 w - a scroll of teleportation {unknown}
 y - 3 scrolls of enchant armour {unknown}
 D - a scroll of vulnerability {unknown}
Potions
 l - a potion of heal wounds {unknown}
 o - a potion of resistance {unknown}
 q - 2 potions of brilliance
 r - a potion of berserk rage
 s - 2 potions of ambrosia {unknown}
 u - a potion of magic {unknown}
 v - a potion of curing {unknown}
 z - a potion of lignification {unknown}
 A - a potion of might {unknown}
 E - 2 potions of mutation {unknown}
 F - 2 potions of haste
 I - a potion of degeneration {unknown}
 J - 2 potions of invisibility {unknown}
 K - a potion of cancellation {unknown}
 M - a potion of flight {unknown}


   Skills:
 + Level 5.1 Fighting
 + Level 4.2 Dodging
 - Level 6.0 Stealth
 - Level 2.0 Unarmed Combat
 + Level 1.2 Spellcasting
 + Level 1.3 Air Magic


You had 8 spell levels left.
You didn't know any spells.
Your spell library contained the following spells:

 Spells                   Type           Power      Damage    Failure   Level
 Apportation              Tloc           0%         N/A       99%         1
 Necrotise                Necr           0%         1d4       99%         1
 Summon Small Mammal      Summ           0%         N/A       99%         1
 Ensorcelled Hibernation  Hex/Ice        0%         N/A       100%        2
 Passwall                 Tmut/Erth      0%         N/A       100%        2
 Swiftness                Air            4%         N/A       100%        3
 Vhi's Electric Charge    Tloc/Air       4%         N/A       100%        3
 Arcjolt                  Conj/Air       1%         1d11      100%        5
 Blade Hands              Tmut           0%         N/A       100%        5
 Irradiate                Conj/Tmut      0%         3d11      100%        5
 Plasma Beam              Fire/Air       1%         2x1d12    100%        6
 Dragon Form              Tmut           0%         N/A       100%        7


Dungeon Overview and Level Annotations

Branches:
Dungeon (5/15) Zot: 24862
 Temple: D:4-7

Altars:
Dithmenos
Gozag
Xom

Shops:
D:2 [

Annotations:
D:3 3 runed translucent doors, Reshi88's ghost, amateur FoFi


Innate Abilities, Weirdness & Mutations

You have extremely sharp teeth.
Your natural rate of healing is unusually fast.
When hurt, damage is shared between your health and your magic reserves.
Your bite disrupts and absorbs the magic of your enemies.
Potions cannot restore your health.


Message History

The scorpion is severely wounded.
You feel very sick.
The scorpion stings you but does no damage.
You hit the scorpion but do no damage. You bite the scorpion.
You drain its power.
You feel invigorated.
The scorpion is severely wounded.
You feel very sick.
The scorpion stings you but does no damage.
The scorpion completely misses you.
You hit the scorpion. Your punch misses the scorpion.
Your bite misses the scorpion.
The scorpion is severely wounded.
You feel sick. The scorpion stings you.
You are more poisoned.
The scorpion poisons you! The scorpion stings you.
You are lethally poisoned!
The scorpion poisons you!
It was a potion of brilliance.
You feel clever all of a sudden.
* * * LOW HITPOINT WARNING * * *
You feel very sick. The scorpion stings you.
It was a potion of berserk rage.
A red film seems to cover your vision as you go berserk!
You feel yourself moving faster!
You feel mighty!
* * * LOW HITPOINT WARNING * * *
You feel very sick. The scorpion barely misses you.
You are too berserk!
You barely miss the scorpion. Your bite misses the scorpion.
The scorpion is severely wounded.
* * * LOW HITPOINT WARNING * * *
You feel very sick. The scorpion stings you.
* * * LOW HITPOINT WARNING * * *
You are more poisoned.
The scorpion poisons you!
You sock the scorpion!
You kill the scorpion!
You die...

#....>...#
#.######.#
#.######..
#.....(...
#..####### #..# ##.
#(.#####..
##########.........
#.@.........#####..
#.########..# ##.
#. #..#### ## #.
#.....# # #.
##.##.#### #.
#.##.#... #.
#.##.#.## #.
#.##..... #
##.##...##


There were no monsters in sight!

Vanquished Creatures
  2 scorpions
  A howler monkey (D:4)
  A hound (D:4)
  Natasha (thrice) (D:3)
  An orc wizard (D:3)
  6 gnolls (D:3)
  12 adders
  2 worms
  4 orcs (D:3)
  2 ball pythons
  3 bats
  7 endoplasms
  2 giant cockroaches (D:1)
  6 goblins
  6 hobgoblins
  4 jackals (D:3)
  12 kobolds
  A quokka (D:1)
  3 frilled lizards
  13 rats
91 creatures vanquished.

Notes
Turn   | Place    | Note
-------+----------+-------------------------------------------
     0 | D:5      | Arcadio the Vine Stalker Delver began the quest for the
                  | Orb.
     0 | D:5      | Reached XP level 1. HP: 11/11 MP: 2/2
    11 | D:5      | Noticed an iguana
    96 | D:5      | Noticed a scorpion
   186 | D:5      | Noticed an ice beast
   235 | D:4      | Found a shimmering altar of Xom.
   303 | D:5      | Noticed a hound
   326 | D:4      | Noticed a howler monkey
   390 | D:4      | Reached XP level 2. HP: 16/16 MP: 1/3
   423 | D:4      | Found an opulent altar of Gozag.
   600 | D:3      | Noticed Natasha
   682 | D:4      | Noticed a scorpion
   876 | D:3      | Reached XP level 3. HP: 11/20 MP: 2/4
  1063 | D:2      | Found a shadowy altar of Dithmenos.
  1183 | D:2      | Gained mutation: Your natural rate of healing is unusually
                  | fast. [Vine Stalker growth]
  1183 | D:2      | Reached XP level 4. HP: 24/24 MP: 5/5
  1544 | D:2      | Found Nalesk Kair's Antique Armour Emporium.
  1547 | D:2      | Bought a runed cloak for 210 gold pieces
  1928 | D:1      | Reached XP level 5. HP: 29/29 MP: 6/6
  2513 | D:2      | Bought a pair of boots for 126 gold pieces
  2634 | D:3      | Found a large runed translucent door.
  2635 | D:3      | Found a large runed translucent door.
  2656 | D:3      | Killed Natasha
  2700 | D:3      | Reached XP level 6. HP: 34/34 MP: 7/7
  3042 | D:3      | Noticed Natasha
  3050 | D:3      | Killed Natasha
  3064 | D:3      | Found a runed translucent door.
  3068 | D:3      | Noticed Reshi88's ghost (amateur FoFi)
  3266 | D:3      | Noticed Natasha
  3272 | D:3      | Killed Natasha
  3273 | D:3      | Reached skill level 5 in Fighting
  3597 | D:4      | Reached skill level 1 in Spellcasting
  3597 | D:4      | Reached skill level 1 in Air Magic
  3597 | D:4      | Reached XP level 7. HP: 38/39 MP: 9/9
  3741 | D:4      | HP: 2/58 [scorpion (1)]
  3742 | D:4      | Succumbed to a scorpion's poison

Illustrated notes

Levels and vault maps discovered:
D:1:      minmay_arrival_loop, layout_basic
D:2:      layout_loops_ring, serial_shops, nicolae_shop_behind_doors,
          basic_altar, minivault_19, minmay_rat_gold_closets
D:3:      minmay_spotlight, layout_basic, jmf_multi_god_temple2,
          ebering_ghost_reflecting_pool, supply_closet_lemuel, uniq_natasha
D:4:      layout_loops_ring, nicolae_overflow_hidden_temple,
          mainiacjoe_overflow_catwalk
D:5:      layout_loops_cross, minmay_temple_entry_arrows

Skill      XL: |  1  2  3  4  5  6 |
---------------+-------------------+-----
Fighting       | 3 4 5 |  5.1
Dodging        | 2 3 4 |  4.2
Spellcasting   | 1 |  1.2
Air Magic      | 1 |  1.3
Stealth        | |  6.0
Unarmed Combat | |  2.0

Action                     |  1- 3 |  4- 6 |  7- 9 || total
---------------------------+-------+-------+-------++-------
  Melee: Long sword        |    26 |       |       ||    26
         Bite              |     7 |    54 |     6 ||    67
         Flail             |    25 |   250 |    13 ||   288
         Punch             |       |     3 |       ||     3
    Use: Potion            |     1 |       |     2 ||     3
 Armour: Leather armour    |     2 |       |       ||     2
         Ring mail         |    10 |       |       ||    10
         Chain mail        |       |   177 |     5 ||   182
  Dodge: Dodged            |    42 |   126 |     8 ||   176

Table legend: (Time is in decaauts)
 A = Elapsed time spent in this place.
 B = Non-inter-level travel time spent in this place.
 C = Inter-level travel time spent in this place.
 D = Time resting spent in this place.
 E = Time spent auto-exploring this place.
 F = Levels seen in this place.
 G = Mean time per level.
                   A        B        C        D        E       F      G
               +--------+--------+--------+--------+--------+-----+--------+
         Total |   3858 |   3796 |     62 |    151 |   1914 |   5 |  771.6 |
       Dungeon |   3858 |   3796 |     62 |    151 |   1914 |   5 |  771.6 |
               +--------+--------+--------+--------+--------+-----+--------+

Top non-repeatable levels by time:
     D:3: 1183 daAuts
     D:4: 834 daAuts
     D:1: 804 daAuts
     D:2: 733 daAuts
     D:5: 303 daAuts
